 Dungeon Crawl Stone Soup version 0.27.1-2-g3b301248ec (webtiles) character file.

Game seed: 7591888989148830694

74 Kinoniko the Chopper (level 4, 0/39 HPs)
             Began as a Hill Orc Fighter on Oct 1, 2021.
             Slain by a sky beast (4 damage)
             ... on level 3 of the Dungeon.
             The game lasted 00:01:29 (2296 turns).

Kinoniko the Chopper (Hill Orc Fighter)             Turns: 2296, Time: 00:01:29

Health: 0/39       AC:  8    Str: 19    XL:     4   Next: 30%
Magic:  4/4        EV:  9    Int:  8    God:
Gold:   145        SH:  0    Dex: 10    Spells: 3/3 levels left

rFire    . . .     SeeInvis .   a - +0 war axe
rCold    . . .     Faith    .   (no shield)
rNeg     . . .     Spirit   .   b - +0 scale mail
rPois    .         Reflect  .   d - +0 helmet
rElec    .         Harm     .   (no cloak)
rCorr    .         Rampage  .   (no gloves)
Will     +....                  (no boots)
Stlth    ..........             (no amulet)
HPRegen  0.13/turn              g - ring of willpower
MPRegen  0.09/turn              (no ring)

@: very slightly contaminated, invisible
A: no striking features
a: no special abilities


You were on level 3 of the Dungeon.
You visited 1 branch of the dungeon, and saw 3 of its levels.

You collected 145 gold pieces.

Inventory:

Hand Weapons
 a - a +0 war axe (weapon)
Armour
 b - a +0 scale mail (worn)
 c - a +0 kite shield
 d - a +0 helmet (worn)
Jewellery
 g - a ring of willpower (left hand)
 n - an amulet of magic regeneration
Scrolls
 e - a scroll of enchant weapon {unknown}
 f - 2 scrolls of identify {unknown}
 h - a scroll of immolation {unknown}
 k - a scroll of noise {unknown}
 l - a scroll of magic mapping {unknown}
Potions
 i - a potion of cancellation


   Skills:
 - Level 3.6 Fighting
 * Level 5.9 Axes
 - Level 3.2 Armour
 - Level 3.2 Shields


You had 3 spell levels left.
You didn't know any spells.
Your spell library was empty.

Dungeon Overview and Level Annotations

Branches:
Dungeon (3/15)

Altars:


Message History

Your scale mail prevents you from hitting something.
Something hits you but does no damage.
You miss something. Something hits you but does no damage.
You barely miss something.
Something hits you but does no damage. x2
You closely miss something.
A sky beast appears from thin air!
Reactivating autopickup.
The sky beast barely misses you.
You closely miss the sky beast.
The sky beast flickers out of sight!
Deactivating autopickup; reactivate with Ctrl-A.
Something hits you. Something shocks you.
You miss something. Something hits you but does no damage.
You slash something! Something hits you. Something shocks you.
You closely miss something. Something hits you. Something shocks you.
Something hits you. Something shocks you.
* * * LOW HITPOINT WARNING * * *
You closely miss something. Something hits you but does no damage.
Unknown command.
You miss something. Something hits you.
* * * LOW HITPOINT WARNING * * *
Something shocks you.
* * * LOW HITPOINT WARNING * * *
Unknown command.
Unknown command.
It was a potion of invisibility.
You fade into invisibility!
A sky beast appears from thin air!
Reactivating autopickup.
The sky beast closely misses you.
You are very lightly contaminated with residual magic.
It was a potion of magic.
Magic courses through your body.
The sky beast hits you but does no damage.
Unknown command.
You hit the sky beast but do no damage.
The sky beast is moderately wounded.
The sky beast closely misses you.
You catch the helpless sky beast completely off-guard!
You slash the sky beast!
The sky beast is severely wounded.
The sky beast hits you.
You die...

.. .. . # . .# .##.
.#.## ... .... #..#..#
#..#..# #..Y..##### #
#@##...#######
###.#.......<....#
.............####.#####
#######......#.........
#.#......##.#####
#.###.......#
#.####.###### #......#
########


You could see a sky beast.

Vanquished Creatures
  Robin (D:2)
  3 worms (D:2)
  A dart slug (D:1)
  3 ball pythons
  3 bats (D:1)
  6 endoplasms (D:1)
  A giant cockroach (D:1)
  11 goblins
  5 hobgoblins (D:2)
  3 quokkas (D:1)
  2 frilled lizards (D:1)
  4 kobolds
  2 rats
45 creatures vanquished.

Notes
Turn   | Place    | Note
-------+----------+-------------------------------------------
     0 | D:1      | Kinoniko the Hill Orc Fighter began the quest for the Orb.
     0 | D:1      | Reached XP level 1. HP: 19/19 MP: 1/1
    27 | D:1      | Reached skill level 3 in Axes
    66 | D:1      | Reached XP level 2. HP: 26/26 MP: 2/2
    81 | D:1      | Reached skill level 4 in Axes
   355 | D:1      | Reached XP level 3. HP: 30/31 MP: 3/3
  1019 | D:2      | Reached skill level 5 in Axes
  1317 | D:2      | Found a faded altar of an unknown god.
  1513 | D:2      | Noticed Robin
  1521 | D:2      | Reached XP level 4. HP: 14/39 MP: 4/4
  1522 | D:2      | Killed Robin
  2277 | D:3      | Noticed a sky beast
  2296 | D:3      | Slain by a sky beast

Illustrated notes

Levels and vault maps discovered:
D:1:      amcnicky_arrival_underground_garden, layout_basic
D:2:      layout_loops_corners, basic_ecumenical_altar, lemuel_flame_loot_1,
          uniq_robin
D:3:      layout_loops_cross

Skill      XL: |  1  2  3 |
---------------+----------+-----
Axes           | 3 4 5 |  5.9
Fighting       | |  3.6
Armour         | |  3.2
Shields        | |  3.2

Action                   |  1- 3 |  4- 6 || total
-------------------------+-------+-------++-------
Melee: War axe           |    78 |    27 ||   105
  Use: Potion            |     1 |     3 ||     4
 Stab: Invisible         |       |     1 ||     1
Armor: Scale mail        |    43 |    18 ||    61
Dodge: Dodged            |    39 |    10 ||    49
